 Dungeon Crawl Stone Soup version 0.23-a0-642-g3120c2f (webtiles) character file.

106 MisterFreud the Slasher (level 4, 0/29 HPs)
             Began as an Octopode Gladiator on Dec 30, 2018.
             Slain by a black bear (5 damage)
             ... on level 3 of the Dungeon.
             The game lasted 00:03:22 (2033 turns).

MisterFreud the Slasher (Octopode Gladiator)        Turns: 2033, Time: 00:03:23

Health: 0/29       AC:  1    Str: 13    XL:     4   Next: 84%
Magic:  4/4        EV: 14    Int: 11    God:
Gold:   187        SH:  0    Dex: 13    Spells: 3/3 levels left

rFire    . . .     SeeInvis .   a - +0 long sword
rCold    . . .     Gourm    .   (no shield)
rNeg     . . .     Faith    .   b - +0 hat
rPois    .         Spirit   .   (no amulet)
rElec    .         Reflect  .   (no ring)
rCorr    .         Harm     .   (no ring)
MR       .....                  (no ring)
Stlth    ++........             (no ring)
HPRegen  0.09/turn              (no ring)
MPRegen  0.09/turn              (no ring)
                                (no ring)
                                (no ring)

@: no status effects
A: almost no armour, stealthy swim, amphibious, 8 rings, constrict 8, camouflage
1, gelatinous body 1
a: no special abilities


You were on level 3 of the Dungeon.
You were hungry.

You visited 1 branch of the dungeon, and saw 3 of its levels.

You collected 187 gold pieces.

Inventory:

Hand Weapons
 a - a +0 long sword (weapon)
Missiles
 c - 3 throwing nets (quivered)
 e - 89 stones
 i - 31 arrows
Armour
 b - a +0 hat (worn)
Scrolls
 g - 3 scrolls of teleportation {unknown}
 h - a scroll of remove curse {unknown}
 l - 2 scrolls of identify {unknown}
 r - a scroll of blinking {unknown}
Potions
 j - a potion of cancellation {unknown}
 k - a potion of curing {unknown}
 m - a potion of lignification {unknown}
 n - 2 potions of haste {unknown}
 o - a potion of berserk rage {unknown}
 p - a potion of flight {unknown}
 q - a potion of agility {unknown}
Comestibles
 d - 5 rations
 f - 5 chunks of flesh


   Skills:
 - Level 2.0 Fighting
 + Level 5.4 Long Blades
 - Level 2.0 Throwing
 - Level 3.0 Dodging


You had 3 spell levels left.
You didn't know any spells.
Your spell library was empty.

Dungeon Overview and Level Annotations

Branches:
Dungeon (3/15)

Altars:


Innate Abilities, Weirdness & Mutations

You cannot wear most types of armour.
You are very stealthy in the water. (Stealth+)
You are amphibious.
You can wear up to eight rings at the same time.
You can use your tentacles to constrict eight enemies at once.
Your skin changes colour to match your surroundings (Stealth+).
Your rubbery body absorbs attacks. (AC +1, EV +1)


Message History

Something shocks you.
* * * LOW HITPOINT WARNING * * *
A sky beast appears from thin air!
Reactivating autopickup.
Really walk into that dispersal trap?
You enter a dispersal trap!
The sky beast blinks!
The black bear blinks!
The kobold blinks!
The sky beast blinks!
The black bear blinks!
You blink.
The sky beast misses you.
The kobold throws a stone.
The stone hits you but does no damage.
You see here a stone.
The kobold throws a stone.
The stone barely misses you.
There is an open door here.
You see here a stone.
You are feeling hungry.
The kobold enters a dispersal trap!
The sky beast blinks! x3; You blink.
The kobold blinks!
The sky beast flickers out of sight!
Deactivating autopickup; reactivate with Ctrl-A.
The black bear bites you.
You die...

#.....##..#
#.....##..#
#.....##..#
#.....###>#
#.....# #.#
#.....###§####
#.......^.(..#
.####....K..#
#####+#.h@..)....#
#.......##....§..#
#.......##.......#
#..$.§.###.......#
#....%.# #.......#
#......# #.......#
#......# #.......#
#$.....# #########
#......#


You could see a black bear and a kobold.

Vanquished Creatures
  3 gnolls (D:2)
  3 adders (D:2)
  A worm (D:1)
  A dart slug (D:1)
  2 leopard geckos (D:1)
  2 giant cockroaches (D:2)
  4 goblins
  8 hobgoblins
  5 jackals
  2 bats (D:1)
  2 frilled lizards
  3 kobolds
  8 rats
44 creatures vanquished.

Notes
Turn   | Place    | Note
-------+----------+-------------------------------------------
     0 | D:1      | MisterFreud the Octopode Gladiator began the quest for the
                  | Orb.
     0 | D:1      | Reached XP level 1. HP: 14/14 MP: 1/1
   184 | D:1      | Reached XP level 2. HP: 19/19 MP: 2/2
   497 | D:1      | Reached skill level 4 in Long Blades
   500 | D:1      | Reached XP level 3. HP: 24/24 MP: 3/3
  1485 | D:2      | Reached XP level 4. HP: 24/29 MP: 4/4
  1589 | D:2      | Reached skill level 5 in Long Blades
  2014 | D:3      | Noticed a sky beast
  2016 | D:3      | Noticed a black bear
  2033 | D:3      | Slain by a black bear

Vault maps used:
D:1:      evilmike_arrival_run_for_it
D:2:      minmay_pentomino_q2
D:3:      uniq_sigmund

Skill      XL: |  1  2  3  4 |
---------------+-------------+-----
Long Blades    | 4 5 |  5.4
Fighting       | |  2.0
Throwing       | |  2.0
Dodging        | |  3.0

Action                   |  1- 3 |  4- 6 || total
-------------------------+-------+-------++-------
Melee: Long sword        |    42 |    29 ||    71
       Constrict         |    10 |     9 ||    19
       Tentacles         |     6 |    13 ||    19
 Stab: Sleeping          |    10 |     2 ||    12
       Distracted        |     1 |       ||     1
  Eat: Chunk             |     1 |     2 ||     3
Armor: Skin              |       |     3 ||     3
Dodge: Dodged            |    27 |    20 ||    47
       Rpst.: Long sword |    14 |     5 ||    19

Table legend:
 A = Non-vault XP
 B = Vault XP
 C = Vault XP percentage of total XP
 D = Non-vault monster count
 E = Vault monster count
 F = Vault count percentage of total count
                 A         B        C        D         E       F
            +---------+---------+-------+---------+---------+-------
      Total |     144 |       8 |   5.3 |      41 |       3 |   6.8
            +---------+---------+-------+---------+---------+-------
        D:1 |      38 |       5 |  11.6 |      21 |       1 |   4.5
        D:2 |     100 |       3 |   2.9 |      17 |       2 |  10.5
        D:3 |       6 |       0 |   0.0 |       3 |       0 |   0.0
            +---------+---------+-------+---------+---------+-------
